 Dungeon Crawl Stone Soup version 0.18.1-50-g88ac8fd (webtiles) character file.

91 KarmaPolice the Slasher (level 4, -2/37 HPs)
             Began as a Minotaur Gladiator on Oct 4, 2016.
             Slain by an orc
             ... wielding a +0 club
              (3 damage)
             ... on level 4 of the Dungeon.
             The game lasted 00:16:54 (2136 turns).

KarmaPolice the Slasher (Minotaur Gladiator)        Turns: 2136, Time: 00:16:56

Health: -2/37      AC:  3    Str: 19    XL:     4   Next: 34%
Magic:  3/3        EV: 13    Int:  5    God:
Gold:   118        SH:  0    Dex: 12    Spells: 0 memorised, 3 levels left

rFire  . . .     SeeInvis .     a - +0 long sword
rCold  . . .     Gourm    .     l - +0 leather armour
rNeg   . . .     Faith    .     (no shield)
rPois  .         Spirit   .     c - +0 hat
rElec  .         Dismiss  .     (no cloak)
rCorr  .         Reflect  .     (no gloves)
SustAt .         Harm     .     (no boots)
MR     .....                    (no amulet)
Stlth  +.........               (no ring)
                                (no ring)

@: not resistant to hostile enchantments, very unstealthy
A: retaliatory headbutt, horns 2
a: no special abilities


You were on level 4 of the Dungeon.
You were full.

You visited 1 branch of the dungeon, and saw 4 of its levels.

You collected 118 gold pieces.

Inventory:

Hand Weapons
 a - a +0 long sword (weapon)
 i - a +0 rapier
 j - a cursed +0 club
 o - a cursed -3 short sword
 q - a +0 club
 t - a +0 club
 u - a +0 dagger
 v - a cursed +0 short sword
 A - a +0 short sword
 B - a +0 club
 D - a +0 dagger
 E - a +0 hunting sling
 K - a +0 mace
 N - a +0 hunting sling
Missiles
 d - 3 throwing nets (quivered)
 p - 158 stones
 C - 13 bolts
Armour
 b - a +0 leather armour
 c - a +0 hat (worn)
 f - a +0 robe
 l - a +0 leather armour (worn)
 m - a cursed +0 ring mail
 s - a +0 ring mail
 z - a +0 ring mail
 L - a +0 chain mail
Scrolls
 e - a scroll of noise {unknown}
 k - 3 scrolls of remove curse {unknown}
 r - 2 scrolls of random uselessness {unknown}
 y - a scroll of magic mapping {unknown}
 F - a scroll of immolation {unknown}
 G - a scroll of teleportation {unknown}
 H - a scroll of fear {unknown}
 J - a scroll of enchant armour {unknown}
Potions
 g - 3 potions of agility {unknown}
 h - a potion of degeneration {unknown}
 n - a potion of heal wounds {unknown}
 w - 2 potions of cure mutation {unknown}
 x - 3 potions of resistance {unknown}
 I - 2 potions of curing {unknown}
Comestibles
 M - a meat ration


   Skills:
 * Level 2.8 Fighting
 * Level 4.5 Long Blades
 + Level 2.2 Throwing
 * Level 2.1 Armour
 * Level 4.1 Dodging
 * Level 0.5 Stealth


You had 3 spell levels left.
You didn't know any spells.

Dungeon Overview and Level Annotations

Branches:
Dungeon (4/15)
 Temple: D:4-7

Altars:


Innate Abilities, Weirdness & Mutations

You reflexively headbutt those who attack you in melee.
You have a pair of horns on your head.


Message History

The orc closely misses you.
The orc wizard gestures at you while chanting.
The puff of frost hits you!
You hit the orc wizard.
The orc wizard is severely wounded.
The orc closely misses you. The orc wizard barely misses you.
You furiously retaliate!
You headbutt the orc wizard. The orc hits you but does no damage.
The orc hits you from afar with a trident of piercing!
* * * LOW HITPOINT WARNING * * *
x2 The orc wizard points at you and mumbles some strange words.
The puff of flame misses you.
You barely miss the orc wizard.
The orc wizard is severely wounded.
The orc completely misses you.
The orc wizard hits you but does no damage.
The orc hits you from afar with a trident of piercing.
* * * LOW HITPOINT WARNING * * *
x2 The orc hits you with a club.
You die...

o. #.#
###o###
#.##o....!.
#.#.o..oo..
#)#.# #.#.#
#.# #.#.# #
#.#
#o#.##.#
#.#
#@oo...#
#.#
###o####
#.# #.# #.#
#.# #.# #.#
#.#
#.######.#
#......<.#
##########


You could see an orc wizard and 3 orcs.

Vanquished Creatures
  5 adders
  A worm (D:3)
  A dart slug (D:1)
  An orc (D:3)
  4 bats
  6 hobgoblins
  2 jackals (D:1)
  A quokka (D:3)
  3 giant newts
  7 goblins
  5 kobolds
  8 rats
44 creatures vanquished.

Notes
Turn   | Place    | Note
--------------------------------------------------------------
     0 | D:1      | KarmaPolice the Minotaur Gladiator began the quest for the Orb.
     0 | D:1      | Reached XP level 1. HP: 18/18 MP: 0/0
   207 | D:1      | Reached XP level 2. HP: 16/25 MP: 1/1
   714 | D:2      | Reached XP level 3. HP: 18/30 MP: 2/2
   907 | D:2      | Reached skill level 1 in Armour
  1305 | D:2      | Reached XP level 4. HP: 37/37 MP: 3/3
  2136 | D:4      | HP: 1/37 [orc/trident of piercing (1)]
  2136 | D:4      | Slain by an orc

Skill      XL: |  1  2  3  4 |
---------------+-------------+-----
Long Blades    | 4 |  4.5
Armour         | 1 2 |  2.1
Dodging        | 4 |  4.1
Fighting       | |  2.8
Throwing       | |  2.2
Stealth        | |  0.5

Action                   |  1- 3 |  4- 6 || total
-------------------------+-------+-------++-------
Melee: Long sword        |    77 |    29 ||   106
       Headbutt          |    10 |     1 ||    11
  Eat: Bread ration      |     1 |       ||     1
       Beef jerky        |     2 |       ||     2
       Fruit             |     1 |       ||     1
Armor: Leather armour    |    21 |     7 ||    28
Dodge: Dodged            |    74 |    26 ||   100
